 Dungeon Crawl Stone Soup version 0.26-a0-631-ged93497179 (webtiles) character file.

Game seed: 13795701098249737652

5523 Steinvaildir the Geomancer (level 10, -6/58 HPs)
             Began as a Gargoyle Earth Elementalist on Sept 13, 2020.
             Was a Believer of Vehumet.
             Mangled by Snorg (15 damage)
             ... on level 10 of the Dungeon.
             The game lasted 00:21:54 (11168 turns).

Steinvaildir the Geomancer (GrEE)                  Turns: 11168, Time: 00:21:54

Health: -6/58      AC: 19    Str: 11    XL:     10   Next: 70%
Magic:  2/20       EV: 13    Int: 20    God:    Vehumet [**....]
Gold:   305        SH:  0    Dex: 12    Spells: 14/23 levels left

rFire    . . .     SeeInvis .   y - +5 morningstar (freeze)
rCold    . . .     Faith    .   (no shield)
rNeg     + . .     Spirit   .   c - +0 robe
rPois    ∞         Reflect  .   w - +0 helmet
rElec    +         Harm     .   z - +1 cloak
rCorr    +         Rampage  .   i - +2 pair of gloves
MR       +....                  k - +2 pair of boots
Stlth    ++........             n - amulet of magic regeneration
HPRegen  0.19/turn              d - ring of resist corrosion
MPRegen  0.42/turn              r - ring of protection from magic

@: mighty, flying
A: big wings, talons 1, agile 1, negative energy resistance 1, sense
surroundings 1, electricity resistance, unbreathing, petrification resistance,
rot immunity, AC +7
a: Stop Flying, Renounce Religion


You were on level 10 of the Dungeon.
You worshipped Vehumet.
Vehumet was pleased with you.
You visited 2 branches of the dungeon, and saw 11 of its levels.

You collected 468 gold pieces.
You spent 163 gold pieces at shops.

Inventory:

Hand Weapons
 y - a +5 morningstar of freezing (weapon)
Missiles
 b - 182 stones (quivered)
Armour
 c - a +0 robe (worn)
 i - a +2 pair of gloves (worn)
 k - a +2 pair of boots (worn)
 s - a scarf of repulsion
 w - a +0 helmet (worn)
 z - a +1 cloak (worn)
Jewellery
 d - a ring of resist corrosion (left hand)
 n - an amulet of magic regeneration (around neck)
 r - a ring of protection from magic (right hand)
 B - an uncursed ring of positive energy
Wands
 q - a wand of flame (19)
 t - a wand of iceblast (5)
 v - a wand of acid (12)
Scrolls
 e - 2 scrolls of magic mapping
 g - 4 scrolls of remove curse
 h - 3 scrolls of identify
 p - a scroll of amnesia
 x - 2 scrolls of teleportation
Potions
 a - a potion of cancellation
 f - 8 potions of curing
 j - a potion of might
 l - a potion of heal wounds
 m - a potion of berserk rage
 o - a potion of lignification
 u - 2 potions of flight
 A - a potion of mutation
Miscellaneous
 C - a condenser vane (2/2)


   Skills:
 + Level 4.3 Fighting
 + Level 4.0 Maces & Flails
 + Level 4.3 Armour
 + Level 3.6 Dodging
 - Level 2.1 Stealth
 + Level 7.0 Spellcasting
 + Level 7.6 Conjurations
   Level 0.7 Transmutations
 + Level 9.6 Earth Magic
 + Level 3.4 Evocations


You had 14 spell levels left.
You knew the following spells:

 Your Spells              Type           Power        Failure   Level
a - Sandblast             Erth           #####.       1%          1
b - Stone Arrow           Conj/Erth      #####.       1%          3
c - Lee's Rapid Deconstr  Erth           #####.....   4%          5

Your spell library contained the following spells:

 Spells                   Type           Power        Failure   Level
 Foxfire                  Conj/Fire      ###.         1%          1
 Magic Dart               Conj           ####         1%          1
 Passwall                 Tmut/Erth      ####....     1%          2
 Conjure Flame            Conj/Fire      ###.....     6%          3
 Corona                   Hex            #......      10%         1
 Mephitic Cloud           Conj/Pois/Air  ###.....     10%         3
 Petrify                  Tmut/Erth      ####....     11%         4
 Leda's Liquefaction      Hex/Erth       ####......   13%         4
 Blink                    Tloc           N/A          14%         2
 Call Imp                 Summ           #.......     14%         2
 Slow                     Hex            #.......     14%         2
 Inner Flame              Hex/Fire       #.......     28%         3
 Portal Projectile        Hex/Tloc       #.....       28%         3
 Cause Fear               Hex            #.........   67%         4


Dungeon Overview and Level Annotations

Branches:
Dungeon (10/15)            Temple (1/1) D:4            Lair (0/6) D:9
    Orc (0/2) D:9

Altars:
Cheibriados
Dithmenos
Elyvilon
Fedhas
Gozag
Hepliaklqana
Kikubaaqudgha
Makhleb
Nemelex Xobeh
Okawaru
Qazlal
Ru
Sif Muna
Trog
Uskayaw
Vehumet
Wu Jian
Xom
Yredelemnul
Zin
The Shining One

Shops:
D:4 *   D:5 *   D:9 }

Annotations:
D:10 Snorg


Innate Abilities, Weirdness & Mutations

You are resistant to torment.
Your stone body is resilient. (AC +7)
You are immune to poison.
You resist negative energy. (rN+)
You are resistant to electric shocks. (rElec)
You can survive without breathing.
You are immune to petrification.
You are immune to rotting.
Your large and strong wings let you fly indefinitely.
You have sharp toenails.
You are agile. (Dex +2)
You passively map a small area around you.


Message History

Casting: Stone Arrow (safe; 1% risk of failure)
Confirm with . or Enter, or press ? or * to list all spells.
You don't know that spell.
Unknown command.
Unknown command.
You feel much better. Snorg bites you! Snorg closely misses you.
Snorg barely misses you.
Casting: Stone Arrow (safe; 1% risk of failure)
Confirm with . or Enter, or press ? or * to list all spells.
Aiming: Stone Arrow (safe; 1% risk of failure)
Press: ? - help, Shift-Dir - straight line, f/p - Snorg
Aim: Snorg (heavily wounded, berserk)
The stone arrow hits Snorg!
Snorg is severely wounded.
Snorg misses you. Snorg claws you!!
* * * LOW HITPOINT WARNING * * *
Snorg misses you. Snorg completely misses you. Snorg claws you.
* * * LOW HITPOINT WARNING * * *
Snorg claws you!
You die...

.# , #....# .#
, , #....# .#,
, ,,#....# .#
, #....# .# ,
, #....# .#
#....# .+ , ,
,,
#....#######
#..........#
#....@.....# >
#....T.....# ,
#..........# *
#..........# ,
............#
.............#
,
.............#
, ,
.........#####
,


You could see Snorg (berserk).

Vanquished Creatures
  A two-headed ogre (D:8)
  A hornet (D:10)
  A vampire (D:10)
  A wyvern (D:10)
  A water moccasin (D:7)
  2 orc warriors (D:9)
  2 ice beasts
  3 sky beasts
  4 ogres
  4 centaurs
  2 crocodiles
  7 bullfrogs
  2 scorpions
  A water moccasin skeleton (D:8)
  9 wights
  4 howler monkeys
  A quasit (D:8)
  4 bullfrog zombies
  3 hounds
  5 jellies
  Crazy Yiuf (D:7)
  8 orc priests
  A gnoll shaman (D:6)
  A centaur skeleton (D:5)
  11 orc wizards
  Natasha (thrice) (D:2)
  2 worker ants
  6 iguanas
  A killer bee zombie (D:8)
  A hound zombie (D:9)
  2 hound skeletons
  2 worker ant zombies
  5 gnolls (D:6)
  7 adders
  2 shadow imps
  2 white imps (D:9)
  An ooze (D:2)
  An adder skeleton (D:6)
  2 adder zombies
  2 worms
  3 dart slugs
  5 leopard geckos
  44 orcs
  2 giant cockroaches
  2 gnoll zombies (D:2)
  5 goblins
  11 hobgoblins
  3 jackals (D:8)
  9 kobolds
  8 quokkas
  A ball python (D:1)
  5 bats
  4 frilled lizards
  2 jackal skeletons
  A jackal zombie (D:7)
  A leopard gecko skeleton (D:7)
  A quokka skeleton (D:5)
  6 rats
232 creatures vanquished.

Notes
Turn   | Place    | Note
-------+----------+-------------------------------------------
     0 | D:1      | Steinvaildir the Gargoyle Earth Elementalist began the
                  | quest for the Orb.
     0 | D:1      | Reached XP level 1. HP: 10/10 MP: 3/3
   182 | D:1      | Reached XP level 2. HP: 15/15 MP: 5/5
   204 | D:1      | Reached skill level 4 in Earth Magic
  1334 | D:2      | Reached XP level 3. HP: 19/19 MP: 5/7
  1339 | D:2      | Learned a level 3 spell: Stone Arrow
  1368 | D:2      | Noticed Natasha
  1376 | D:2      | Killed Natasha
  1528 | D:2      | Found a shadowy altar of Dithmenos.
  1679 | D:2      | Reached skill level 1 in Conjurations
  1679 | D:2      | Reached XP level 4. HP: 24/24 MP: 5/8
  1962 | D:2      | Found a basalt altar of Yredelemnul.
  2189 | D:2      | Found an iron altar of Okawaru.
  2407 | D:2      | Noticed Natasha
  2412 | D:2      | Killed Natasha
  2412 | D:2      | Reached skill level 5 in Earth Magic
  2796 | D:2      | Noticed Natasha
  2805 | D:2      | Killed Natasha
  2805 | D:2      | Reached XP level 5. HP: 24/28 MP: 5/10
  2823 | D:2      | Learned a level 5 spell: Lee's Rapid Deconstruction
  4010 | D:4      | Found Qanyzim's General Store.
  4033 | D:4      | Bought a scroll of identify for 24 gold pieces
  4056 | D:4      | Noticed an ogre
  4062 | D:4      | Killed an ogre
  4062 | D:4      | Reached XP level 6. HP: 32/32 MP: 5/11
  4154 | D:4      | Found a staircase to the Ecumenical Temple.
  4168 | Temple   | Entered the Ecumenical Temple
  4692 | D:5      | Entered Level 5 of the Dungeon
  4732 | D:5      | Reached skill level 6 in Earth Magic
  4757 | D:5      | Found a glowing golden altar of the Shining One.
  4870 | D:5      | Reached XP level 7. HP: 24/36 MP: 13/13
  5739 | D:5      | Found Esuhager's Assorted Antiques.
  5747 | D:5      | Bought a scroll labeled UPHINWONKAH for 29 gold pieces
  5747 | D:5      | Bought a scroll of identify for 58 gold pieces
  5747 | D:5      | Bought 2 murky purple potions for 52 gold pieces
  5750 | D:5      | Gained mutation: You are partially covered in icy blue
                  | scales. (AC +2) [potion of mutation]
  5750 | D:5      | Gained mutation: You passively map a small area around you.
                  | [potion of mutation]
  5750 | D:5      | Gained mutation: Your body sometimes deteriorates upon
                  | taking damage. [potion of mutation]
  5750 | D:5      | Gained mutation: You are agile. (Dex +2) [potion of
                  | mutation]
  6087 | D:6      | Reached skill level 5 in Spellcasting
  6087 | D:6      | Reached skill level 7 in Earth Magic
  6311 | D:6      | Reached skill level 5 in Conjurations
  6311 | D:6      | Reached XP level 8. HP: 21/41 MP: 6/15
  6462 | D:6      | Lost mutation: You are partially covered in icy blue
                  | scales. (AC +2) [potion of mutation]
  6462 | D:6      | Lost mutation: Your body sometimes deteriorates upon taking
                  | damage. [potion of mutation]
  6462 | D:6      | Gained mutation: You have sharp toenails. [potion of
                  | mutation]
  6462 | D:6      | Gained mutation: Your large and strong wings let you fly
                  | indefinitely. [potion of mutation]
  6703 | D:6      | Reached skill level 8 in Earth Magic
  7178 | D:6      | Found a sacrificial altar of Ru.
  7426 | D:7      | Reached skill level 1 in Fighting
  7426 | D:7      | Reached skill level 1 in Armour
  7426 | D:7      | Reached XP level 9. HP: 47/47 MP: 14/18
  7454 | D:7      | Reached skill level 1 in Maces & Flails
  7678 | D:7      | Reached skill level 1 in Evocations
  7741 | D:7      | Found a hazy altar of Hepliaklqana.
  7970 | D:7      | Found a runed translucent door.
  8333 | D:7      | Noticed Crazy Yiuf
  8399 | D:7      | Killed Crazy Yiuf
  8598 | D:8      | Found a stormy altar of Qazlal.
  8613 | D:8      | Found an ancient bone altar of Kikubaaqudgha.
  9382 | D:8      | Found a radiant altar of Vehumet.
  9386 | D:8      | Noticed a two-headed ogre
  9390 | D:8      | Became a worshipper of Vehumet
  9397 | D:8      | Killed a two-headed ogre
  9397 | D:8      | Reached skill level 9 in Earth Magic
  9397 | D:8      | Reached XP level 10. HP: 56/56 MP: 15/20
 10136 | D:9      | Reached * piety under Vehumet
 10136 | D:9      | Offered knowledge of Freeze by Vehumet.
 10195 | D:9      | Found a staircase to the Lair.
 10443 | D:9      | Found an opulent altar of Gozag.
 10457 | D:9      | Found a staircase to the Orcish Mines.
 10483 | D:9      | Found Poxkex's Gadget Boutique.
 10720 | D:10     | Entered Level 10 of the Dungeon
 11013 | D:10     | Reached ** piety under Vehumet
 11017 | D:10     | Offered knowledge of Foxfire by Vehumet.
 11158 | D:10     | Noticed Snorg
 11168 | D:10     | Mangled by Snorg

Illustrated notes

Levels and vault maps discovered:
D:1:      scummos_arrival_simple_fountains, layout_basic, kennysheep_doodads
D:2:      layout_basic, lemuel_zombie_altar_yredelemnul,
          grunt_dithmenos_smoke_and_mirrors, okawaru_trees_2, uniq_natasha
D:3:      layout_loops_cross
D:4:      layout_rooms, minmay_temple_entry_arrows, serial_shops, shop,
          kennysheep_generic_room_2
D:5:      layout_loops_ring, tso_altar, serial_shops, nicolae_shop_stone
D:6:      layout_rooms, nicolae_ru_path_of_blood
D:7:      layout_basic, nicolae_overflow_crystal_walls, uniq_crazy_yiuf_cottage
D:8:      minmay_chambers_of_sixes, layout_loops_corners, kennysheep_mini,
          lemuel_doored_altar, nicolae_qazlal_general_emergency
D:9:      layout_basic, nicolae_overflow_hidden_temple, grunt_gozag_statues,
          lair_entry_dummy, serial_shops, shop
D:10:     kennysheep_spiral_hall, layout_irregular_city, basic_altar,
          serial_shops, nicolae_shop_behind_doors, uniq_snorg
Temple:   minmay_temple_curvy_loop

Skill      XL: |  1  2  3  4  5  6  7  8  9 10 |
---------------+-------------------------------+-----
Earth Magic    | 4 5 6 7 8 9 |  9.6
Spellcasting   | 3 4 5 6 7 |  7.0
Conjurations   | 1 2 3 5 6 7 |  7.6
Fighting       | 1 3 4 |  4.3
Armour         | 1 3 4 |  4.3
Maces & Flails | 3 4 |  4.0
Evocations     | 2 3 |  3.4
Dodging        | 3 |  3.6
Stealth        | |  2.1
Transmutations | |  0.7

Action                   |  1- 3 |  4- 6 |  7- 9 | 10-12 || total
-------------------------+-------+-------+-------+-------++-------
Melee: Short sword       |    62 |   265 |   230 |       ||   557
       Morningstar       |       |       |     1 |   189 ||   190
 Cast: Sandblast         |    13 |    29 |   100 |     3 ||   145
       Stone Arrow       |       |     1 |    32 |    21 ||    54
       Lee's Rapid Decon |       |       |     4 |     5 ||     9
 Abil: Fly               |       |       |     1 |       ||     1
Evoke: Wand              |       |       |       |     2 ||     2
  Use: Scroll            |       |    13 |    10 |     3 ||    26
       Potion            |       |       |     3 |     2 ||     5
 Stab: Sleeping          |     4 |     3 |     1 |       ||     8
       Distracted        |       |     1 |       |       ||     1
Armor: Robe              |    22 |   115 |   131 |   110 ||   378
Dodge: Dodged            |    34 |   183 |   193 |   186 ||   596
       Repelled          |       |       |       |     2 ||     2

Table legend: (Time is in decaauts)
 A = Elapsed time spent in this place.
 B = Non-inter-level travel time spent in this place.
 C = Inter-level travel time spent in this place.
 D = Time resting spent in this place.
 E = Time spent auto-exploring this place.
 F = Levels seen in this place.
 G = Mean time per level.
                   A        B        C        D        E       F      G
               +--------+--------+--------+--------+--------+-----+--------+
         Total |  11289 |  10924 |    365 |   1219 |   7505 |  11 | 1026.3 |
       Dungeon |  11075 |  10733 |    342 |   1219 |   7316 |  10 | 1107.5 |
        Temple |    213 |    190 |     23 |      0 |    189 |   1 |  213.0 |
               +--------+--------+--------+--------+--------+-----+--------+

Top non-repeatable levels by time:
     D:2: 1752 daAuts
     D:6: 1375 daAuts
     D:5: 1368 daAuts
     D:8: 1275 daAuts
     D:1: 1250 daAuts
     D:7: 1126 daAuts
     D:3: 1009 daAuts
     D:9: 965 daAuts
     D:4: 495 daAuts
    D:10: 456 daAuts
  Temple: 213 daAuts
